Map: Ruins of Seras

Players

Javert

  • Race: Zerg Zerg
  • League: Silver

CarNatt - Winner!

  • Race: Protoss Protoss
  • League: Platinum

VOD

Have the link to the VOD?

Description

Time

  • Played on: July 20, 2015, 2:50 p.m.
  • Length: 12:37
Show
View Real Time Build Order
Export as new Build Order

Javert Zerg 

Build Orders: Hatch First 

Get SALT Encoding   

  12  0:01  Drone  
  13  0:14  Overlord  
  13  0:18  Drone  
  14  0:32  Drone x2  
  16  0:37  Drone  
  17  0:55  Hatchery  
  16  0:57  Drone  
  16  1:00  Extractor  
  16  1:03  Drone  
  17  1:10  Drone  
  18  1:24  Spawning Pool  
  17  1:25  Drone  
  17  1:29  Drone  
  19  1:40  Drone  
  20  1:52  Drone  
  21  2:02  Overlord  
  21  2:10  Metabolic Boost  
  21  2:11  Queen  
  21  2:12  Queen  
  21  2:15  Zergling x4  
  27  2:19  Drone  
  28  2:24  Drone  
  28  2:29  Drone  
  30  2:37  Drone  
  30  2:40  Overlord  
  31  2:45  Drone  
  31  2:51  Drone  
  33  2:56  Overlord  
  32  3:15  Zergling x6  
  35  3:24  Zergling x6  
  35  3:25  Zergling x12  
  44  3:41  Zergling x6  
  43  3:56  Overlord  
  43  4:01  Overlord x2  
  43  4:14  Hatchery  
  41  4:23  Zergling x4  
  41  4:24  Zergling x10  
  44  4:41  Zergling x18  
  48  5:06  Zergling x8  
  47  5:15  Drone  
  47  5:16  Drone  
  47  5:17  Lair  
  47  5:19  Queen  
  46  5:30  Drone x7  
  52  5:39  Zergling x6  
  51  5:53  Drone x3  
  51  5:55  Extractor  
  48  5:58  Roach Warren  
  48  5:59  Drone x5  
  48  6:03  Queen  
  54  6:13  Drone x7  
  61  6:19  Hydralisk Den  
  61  6:24  Drone x2  
  61  6:25  Drone x5  
  66  6:33  Overlord x2  
  66  6:34  Extractor x2  
  64  6:47  Extractor  
  64  6:48  Extractor  
  64  6:51  Glial Reconstitution  
  64  6:52  Roach x5  
  72  6:56  Roach x2  
  76  7:02  Roach  
  76  7:03  Roach x4  
  86  7:13  Roach  
  86  7:15  Overlord x4  
  89  7:22  Drone  
  89  7:23  Evolution Chamber  
  89  7:24  Evolution Chamber  
  86  7:35  Drone x7  
  93  7:46  Ravager x6  
  93  7:47  Ravager  
  99  8:04  Lurker Den  
  92  8:14  Hydralisk x11  
  114  8:28  Spine Crawler x2  
  88  8:45  Drone x8  
  88  8:46  Drone x5  
  96  8:52  Drone x4  
  96  8:54  Spore Crawler  
  97  9:18  Zergling x22  
  96  9:41  Roach x10  
  98  9:58  Zergling x10  
  98  9:59  Queen x2  
  99  10:00  Queen  
  93  10:20  Drone  
  93  10:21  Drone x9  
  97  10:29  Zerg Missile Weapons Level 1, Zerg Ground Armor Level 1  
  97  10:31  Drone  
  96  10:37  Extractor  
  96  10:38  Hatchery  
  94  10:42  Extractor  
  91  10:57  Spawning Pool  
  90  10:59  Spire  
  89  11:07  Hydralisk Den  
  88  11:15  Overlord x3  
  88  11:19  Zergling x6  
  88  11:20  Zergling x10  
  96  11:26  Roach Warren  
  96  11:27  Drone x2  
  96  11:28  Drone  
  98  11:39  Queen x2  
  102  11:45  Overlord  
  102  11:46  Overlord  
  102  11:48  Overlord x2  
  102  11:54  Spine Crawler  
  101  12:05  Drone  
  101  12:06  Drone x11  
  113  12:12  Spore Crawler, Spine Crawler  
  113  12:13  Spore Crawler  
  110  12:16  Spine Crawler, Ravager x7  
Show
View Real Time Build Order
Export as new Build Order

CarNatt Protoss - Winner!

Build Orders: Nexus First 

Get SALT Encoding   

  12  0:02  Probe  
  13  0:19  Pylon  
  14  0:21  Probe  
  14  0:37  Probe (Chrono Boost)  
  15  0:47  Probe (Chrono Boost)  
  16  1:01  Nexus  
  16  1:13  Gateway  
  16  1:16  Probe  
  16  1:17  Assimilator  
  17  1:28  Probe  
  17  1:32  Assimilator  
  18  1:43  Gateway  
  18  1:46  Probe  
  19  1:52  Pylon  
  19  1:58  Probe  
  20  2:01  Cybernetics Core  
  20  2:10  Probe (Chrono Boost)  
  20  2:14  Probe (Chrono Boost)  
  22  2:22  Probe (Chrono Boost)  
  23  2:25  Probe (Chrono Boost)  
  25  2:30  Probe (Chrono Boost)  
  25  2:32  Probe (Chrono Boost)  
  26  2:38  Adept  
  26  2:39  Probe, Adept  
  26  2:44  Probe  
  32  2:48  Warp Gate (Chrono Boost)  
  32  2:51  Probe  
  32  2:56  Probe  
  34  3:04  Probe (Chrono Boost)  
  35  3:08  Probe (Chrono Boost)  
  35  3:10  Stalker x2  
  40  3:16  Probe (Chrono Boost)  
  41  3:21  Robotics Facility  
  41  3:25  Probe (Chrono Boost)  
  42  3:33  Gateway  
  42  3:44  Probe (Chrono Boost)  
  43  3:49  Zealot  
  43  3:53  Pylon  
  43  3:54  Mothership Core (Chrono Boost)  
  43  3:55  Gateway  
  43  4:11  Adept  
  32  4:46  Pylon  
  32  4:55  Adept x2  
  32  4:56  Adept  
  33  5:12  Probe x2  
  34  5:16  Pylon  
  34  5:19  Pylon  
  32  5:22  Adept x2  
  32  5:24  Probe  
  32  5:25  Probe  
  32  5:36  Probe  
  32  5:37  Probe  
  30  5:45  Adept x3  
  30  5:49  Probe x2  
  37  5:58  Sentry  
  37  6:01  Probe x2 (Chrono Boost)  
  41  6:06  Zealot  
  41  6:07  Zealot x2  
  47  6:13  Probe x2 (Chrono Boost)  
  49  6:19  Pylon  
  49  6:21  Probe x2 (Chrono Boost)  
  51  6:26  Probe x2  
  51  6:28  Immortal (Chrono Boost)  
  57  6:35  Probe  
  58  6:40  Gateway  
  58  6:42  Gateway  
  58  6:47  Pylon  
  58  6:50  Pylon  
  58  6:52  Probe x2  
  60  6:57  Sentry x2  
  60  7:00  Observer (Chrono Boost)  
  65  7:02  Stalker  
  65  7:06  Stalker  
  65  7:07  Probe (Chrono Boost)  
  70  7:09  Probe (Chrono Boost)  
  70  7:12  Assimilator  
  71  7:20  Probe (Chrono Boost)  
  71  7:21  Probe (Chrono Boost), Assimilator  
  73  7:26  Warp Prism (Chrono Boost)  
  75  7:30  Probe  
  75  7:35  Probe  
  77  7:46  Robotics Bay  
  77  8:01  Pylon  
  75  8:08  Stalker x4  
  75  8:10  Stalker  
  83  8:13  Probe  
  83  8:19  Immortal  
  80  8:35  Stalker x4  
  80  8:36  Zealot x2  
  88  8:46  Probe  
  89  9:01  Pylon  
  89  9:04  Adept  
  89  9:22  Zealot  
  89  9:23  Zealot x4  
  87  9:48  Probe  
  87  9:50  Stalker  
  87  9:51  Stalker x5  
  84  9:56  Colossus (Chrono Boost)  
  84  9:58  Probe  
  79  10:10  Nexus  
  79  10:12  Pylon  
  75  10:20  Zealot x6  
  73  10:42  Colossus (Chrono Boost)  
  73  10:53  Stalker x2  
  73  10:54  Stalker x4  
  85  11:08  Mothership Core  
  87  11:18  Sentry x5  
  93  11:19  Sentry  
  99  11:30  Colossus (Chrono Boost)  
  105  11:33  Probe x2  
  105  11:37  Assimilator  
  107  11:43  Zealot  
  107  11:44  Zealot x3  
  115  11:53  Pylon  
  115  11:57  Pylon  
  115  12:00  Assimilator  
  115  12:08  Forge  
Tags
 
Add a new tag
Caveats
  • Supply blocks, unpowered buildings, or Contaminate may cause inaccurate times.
  • Supply counts are checked every 10 seconds.